 Dungeon Crawl Stone Soup version 0.16-a0-1157-gec61f8e (webtiles) character file.

343 RobertPalmer the Chopper (level 6, 0/39 HPs)
             Began as an Octopode Gladiator on Oct 8, 2014.
             Slain by a gnoll
             ... wielding a +0 halberd
              (5 damage)
             ... on level 4 of the Dungeon.
             The game lasted 00:07:00 (4355 turns).

RobertPalmer the Chopper (Octopode Gladiator)       Turns: 4355, Time: 00:07:00

Health: 0/39       AC:  2    Str: 14    XL:     6   Next: 57%
Magic:  6/6        EV: 13    Int: 12    God:
Gold:   302        SH:  0    Dex: 13    Spells: 0 memorised, 5 levels left

rFire  . . .     SeeInvis .     a - +1 war axe
rCold  . . .     Clarity  .     (no shield)
rNeg   + . .     SustAb   .     c - +1 hat
rPois  .         Gourm    .     r - amulet of warding
rElec  .         Spirit   .     (no ring)
rCorr  .         Warding  +     (no ring)
rMut   .         Stasis   .     (no ring)
MR     .....                    (no ring)
Stlth  ++........               (no ring)
                                (no ring)
                                (no ring)
                                (no ring)

@: lethally poisoned, slowed, very slow, not resistant to hostile enchantments,
unstealthy
A: almost no armour, amphibious, 8 rings, constrict 8, camouflage 1, gelatinous
body 1
a: no special abilities


You were on level 4 of the Dungeon.
You were not hungry.

You visited 1 branch of the dungeon, and saw 4 of its levels.

You collected 302 gold pieces.


Innate Abilities, Weirdness & Mutations

You cannot wear most types of armour.
You are amphibious.
You can wear up to eight rings at the same time.
You can use your tentacles to constrict many enemies at once.
Your skin changes colour to match your surroundings (Stealth).
Your rubbery body absorbs attacks (AC +1).


   Skills:
 - Level 2.0 Fighting
 + Level 7.2 Axes
 - Level 2.0 Throwing
 - Level 3.0 Dodging


You had 5 spell levels left.
You didn't know any spells.

Inventory:

Hand weapons
 a - a +1 war axe (weapon)
Missiles
 d - 2 throwing nets (quivered)
 h - 3 needles of confusion
 q - 6 javelins
 s - 2 poisoned needles
Armour
 c - a +1 hat (worn)
Comestibles
 f - a bread ration
 p - a meat ration
 x - a beef jerky
Scrolls
 e - a scroll of identify
 g - a scroll of remove curse
 j - a scroll of recharging
 m - a scroll of enchant weapon
Jewellery
 r - an amulet of warding (around mantle)
Potions
 b - 2 potions of curing
 k - a potion of cure mutation
 l - a potion of restore abilities {unknown}
 n - a potion of cancellation {unknown}
 o - a potion of flight
 t - a potion of might
 u - 2 potions of mutation {!q}

Dungeon Overview and Level Annotations

Branches:
Dungeon (4/15)
 Temple: D:4-7

Altars:
Dithmenos
Fedhas
Nemelex Xobeh
Qazlal

#.# #.# #.....# #
#.###.######.....# #
#.#........#.....####
#.#.#>....g..........
#.#..g...........####
#.#..#####.###.######
#.#.g# #.# #.#.....
#.#.g# #.# #.#.....
#.#o@#####.# #.#.....
#.#o.o.....###.#.....
#.#.o.###............
##.<...#
#...........)
#......#
#...........#
#......#
#.....<.....#
#......#
######...####
#......## #...#
#.......# #...#


You could see an orc priest, 2 orc wizards, 3 gnolls and an orc.


Message History

The orc wizard points at you and mumbles some strange words.
The magic dart hits you!
The orc priest invokes the aid of Beogh against you.
Something smites you! The orc wizard completely misses you.
The orc closely misses you.
Read which item? (? for menu, Esc to quit)
Okay, then.
Read which item? (? for menu, Esc to quit)
As you read the scroll labeled KAGRIE JYIBE, it crumbles to dust.
It is a scroll of enchant armour.
Enchant which item? (? for menu, Esc to quit)
Your +0 hat glows green for a moment.
The orc priest mumbles some strange prayers to Beogh against you.
Something smites you!
* * * LOW HITPOINT WARNING * * *
The orc wizard casts a spell at you.
You feel yourself slow down. The orc hits you with a short sword.
* * * LOW HITPOINT WARNING * * *
The gnoll barely misses you. The orc wizard barely misses you.
Drink which item? (? for menu, Esc to quit)
That liquid tasted very nasty...
You are poisoned.
It was a potion of poison.
* * * LOW HITPOINT WARNING * * *
You feel sick. The orc wizard closely misses you.
The gnoll hits you with a whip.
* * * LOW HITPOINT WARNING * * *
The gnoll hits you from afar with a halberd.
You die...

Action                   |  1- 3 |  4- 6 || total
-------------------------+-------+-------++-------
Melee: War axe           |    56 |   101 ||   157
Throw: Javelin           |    10 |       ||    10
       Throwing net      |     1 |     6 ||     7
  Use: Scroll            |       |    13 ||    13
       Potion            |       |     1 ||     1
 Stab: Sleeping          |     4 |     1 ||     5
       Held in net/web   |       |     1 ||     1
  Eat: Chunk             |     1 |     5 ||     6
       Beef jerky        |       |     2 ||     2
       Pizza             |       |     1 ||     1

Vault maps used:
D:1:      dpeg_arrival_water_altar, wad_floor_pattern_2
D:2:      lemuel_coloured_pillars_altar, interstate_on_off, fedhas_altar_2,
          uniq_crazy_yiuf_cottage
D:3:      kennysheep_big_flooded_room, minivault_25, minmay_misc_feat_hallway,
          minmay_misc_feat_room, uniq_iyjb
D:4:      minmay_bad_closet, nemelex_spade_bored_becter

Notes
Turn   | Place    | Note
--------------------------------------------------------------
     0 | D:1      | RobertPalmer, the Octopode Gladiator, began the quest for the Orb.
     0 | D:1      | Reached XP level 1. HP: 14/14 MP: 1/1
   246 | D:1      | Reached XP level 2. HP: 13/19 MP: 2/2
   555 | D:1      | Found a stormy altar of Qazlal.
   717 | D:1      | Reached skill level 4 in Axes
   818 | D:1      | Reached XP level 3. HP: 21/24 MP: 3/3
  1163 | D:2      | Found a blossoming altar of Fedhas.
  1289 | D:2      | Reached XP level 4. HP: 29/29 MP: 4/4
  1375 | D:2      | Found a shadowy altar of Dithmenos.
  1542 | D:2      | Reached skill level 5 in Axes
  1576 | D:2      | Noticed Crazy Yiuf
  1593 | D:2      | Killed Crazy Yiuf
  1936 | D:2      | Reached XP level 5. HP: 31/34 MP: 5/5
  2148 | D:3      | Noticed Ijyb
  2939 | D:3      | Reached skill level 6 in Axes
  3289 | D:3      | Killed Ijyb
  3710 | D:3      | Reached XP level 6. HP: 30/39 MP: 6/6
  3808 | D:4      | Found a sparkling altar of Nemelex Xobeh.
  3922 | D:4      | Reached skill level 7 in Axes
  4355 | D:4      | Slain by a gnoll

Vanquished Creatures
  An ogre (D:4)
  A crimson imp (D:3)
  Crazy Yiuf (D:2)
  A hound (D:3)
  Ijyb (D:3)
  5 gnolls
  2 adders
  3 worms
  3 orcs
  A ball python (D:1)
  13 bats
  6 hobgoblins
  2 jackals (D:2)
  2 quokkas
  2 giant cockroaches
  A giant gecko (D:2)
  4 giant newts
  8 goblins
  10 kobolds
  An orc skeleton (D:4)
  7 rats
75 creatures vanquished.
